 Dungeon Crawl Stone Soup version 0.28.0-49-g6dfe1f597d (webtiles) character file.

Game seed: 15606265147256186484

1309 Peloso the Slasher (level 8, 0/71 HPs)
             Began as a Minotaur Fighter on May 15, 2022.
             Slain by a sixfirhy (3 damage)
             ... led by a cacodemon
             ... on level 2 of the Abyss.
             The game lasted 00:10:05 (4882 turns).

Peloso the Slasher (Minotaur Fighter)               Turns: 4882, Time: 00:10:05

Health: 0/71       AC: 11    Str: 22    XL:     8   Next: 32%
Magic:  7/7        EV:  8    Int:  7    God:
Gold:   226        SH:  5    Dex: 13    Spells: 7/7 levels left

rFire   . . .      SeeInvis .   a - +2 falchion (drain)
rCold   . . .      Faith    .   c - +0 buckler
rNeg    . . .      Spirit   .   j - +1 chain mail
rPois   .          Reflect  .   (helmet restricted)
rElec   .          Harm     .   (no cloak)
rCorr   .          Rampage  .   (no gloves)
Will    .....                   (no boots)
Stlth   ..........              (no amulet)
HPRegen 0.00/turn               (no ring)
MPRegen 0.10/turn               (no ring)

@: sick
A: horns 2, retaliatory headbutt, clever 1, strong 1
a: no special abilities


You were on level 2 of the Abyss.
You visited 1 branch of the dungeon, and saw 4 of its levels.
You visited the Abyss 1 time.
You also visited: Sewer.

You collected 226 gold pieces.

Inventory:

Hand Weapons
 a - a +2 falchion of draining (weapon)
Armour
 b - a +0 scale mail
 c - a +0 buckler (worn)
 j - a +1 chain mail (worn)
Wands
 e - a wand of iceblast (1)
Scrolls
 f - 2 scrolls of magic mapping
 m - 2 scrolls of enchant armour
 n - a scroll of noise {unknown}
 o - a scroll of vulnerability {unknown}
Potions
 d - 3 potions of might
 g - 3 potions of cancellation
 h - a potion of curing {unknown}
 i - 2 potions of mutation
 l - 4 potions of heal wounds
 p - a potion of ambrosia {unknown}


   Skills:
 + Level 6.3 Fighting
 + Level 7.9 Long Blades
 + Level 7.2 Armour
 + Level 1.8 Dodging
 + Level 0.7 Stealth
 + Level 4.8 Shields
 + Level 1.3 Evocations


You had 7 spell levels left.
You didn't know any spells.
Your spell library was empty.

Dungeon Overview and Level Annotations

Branches:
Dungeon (4/15)              Sewer (visited)
 Temple: D:4-7

Altars:
Gozag
Trog
Wu Jian

Annotations:
D:4 Crazy Yiuf


Innate Abilities, Weirdness & Mutations

You have a pair of horns on your head.
You reflexively headbutt those who attack you in melee.
Your mind is acute. (Int +2)
Your muscles are strong. (Str +2)


Message History

The ancient zyme hits you. The ancient zyme hits you!
You hit the ancient zyme. You headbutt the ancient zyme!
The ancient zyme is heavily damaged.
The ancient zyme barely misses you. You furiously retaliate!
You headbutt the ancient zyme, but do no damage.
The ancient zyme hits you.
You hit the ancient zyme.
The ancient zyme is severely damaged.
The ancient zyme hits you! The ancient zyme barely misses you.
You feel ill.
You hit the ancient zyme. Your headbutt misses the ancient zyme.
The ancient zyme is severely damaged.
The ancient zyme barely misses you. x2
You barely miss the ancient zyme.
The ancient zyme is severely damaged.
The ancient zyme hits you but does no damage.
The ancient zyme hits you.
You closely miss the ancient zyme. You headbutt the ancient zyme!
The ancient zyme is almost destroyed.
The ancient zyme hits you. You block the ancient zyme's attack.
You hit the ancient zyme. You headbutt the ancient zyme.
You destroy the ancient zyme!
That felt strangely unrewarding.
There is an open door here.
A sixfirhy comes into view.
The sixfirhy hits you but does no damage.
The sixfirhy barely misses you. The sixfirhy hits you!
* * * LOW HITPOINT WARNING * * *
The sixfirhy shocks you!
* * * LOW HITPOINT WARNING * * *
You closely miss the sixfirhy. Your headbutt misses the sixfirhy.
The sixfirhy barely misses you. You furiously retaliate!
You headbutt the sixfirhy!
The sixfirhy hits you but does no damage. x2
A cacodemon comes into view.
You closely miss the sixfirhy.
The cacodemon shouts!
Your headbutt misses the sixfirhy.
The sixfirhy is moderately wounded.
The sixfirhy hits you.
You die...

######
#.@3.#.#
####2#.# #.# #
##'#.# # ..
###. . .ยง
...# #..#...
##. #. ....#
.#
#..#....'....#


You could see a cacodemon and a sixfirhy.

Vanquished Creatures
  An ancient zyme (Abyss:2)
  Grinder (D:4)
  Edmund (D:4)
  An orc warrior (D:4)
  Pargi (D:3)
  A necrophage (D:4)
  3 kobold brigands (Sewer)
  Blork the orc (D:4)
  A water moccasin zombie (D:4)
  A hound (D:3)
  An orc priest (D:4)
  Ijyb (D:3)
  Jessica (D:3)
  An orc wizard (D:4)
  4 gnolls
  9 adders
  2 river rats (Sewer)
  3 worms
  4 dart slugs
  10 orcs
  8 endoplasms
  7 giant cockroaches
  9 goblins
  5 hobgoblins
  3 jackals (D:3)
  3 quokkas
  14 ball pythons
  7 bats
  2 frilled lizards
  8 kobolds
  7 rats
121 creatures vanquished.

Notes
Turn   | Place    | Note
-------+----------+-------------------------------------------
     0 | D:1      | Peloso the Minotaur Fighter began the quest for the Orb.
     0 | D:1      | Reached XP level 1. HP: 19/19 MP: 0/0
   268 | D:1      | Reached XP level 2. HP: 24/27 MP: 1/1
  1051 | D:2      | Reached XP level 3. HP: 30/33 MP: 2/2
  1109 | D:2      | Found a faded altar of an unknown god.
  1463 | D:2      | Reached XP level 4. HP: 41/41 MP: 3/3
  1743 | D:1      | Reached skill level 1 in Dodging
  2414 | D:3      | Noticed Ijyb
  2421 | D:3      | Killed Ijyb
  2422 | D:3      | Reached XP level 5. HP: 46/47 MP: 4/4
  2459 | D:3      | Reached skill level 5 in Armour
  2461 | D:3      | Found a glowing drain.
  2484 | Sewer    | Entered a sewer
  2667 | Sewer    | Reached skill level 5 in Fighting
  2667 | Sewer    | Reached XP level 6. HP: 45/56 MP: 5/5
  2773 | Sewer    | Reached skill level 5 in Long Blades
  2964 | Sewer    | Gained mutation: Your muscles are strong. (Str +2) [potion
                  | of mutation]
  2964 | Sewer    | Gained mutation: Your mind is acute. (Int +2) [potion of
                  | mutation]
  3043 | D:3      | Noticed Jessica
  3048 | D:3      | Killed Jessica
  3179 | D:3      | Reached XP level 7. HP: 61/61 MP: 6/6
  3223 | D:3      | Found a bloodstained altar of Trog.
  3224 | D:3      | Noticed Pargi
  3232 | D:3      | Killed Pargi
  3755 | D:4      | Found an opulent altar of Gozag.
  3755 | D:4      | Found an ornate altar of the Wu Jian Council.
  3777 | D:4      | Reached skill level 1 in Evocations
  4044 | D:4      | Noticed Grinder
  4053 | D:4      | Killed Grinder
  4054 | D:4      | Reached XP level 8. HP: 50/70 MP: 7/7
  4313 | D:4      | Noticed Blork the orc
  4317 | D:4      | Killed Blork the orc
  4617 | D:4      | Noticed Edmund
  4625 | D:4      | Killed Edmund
  4734 | D:4      | Found a runed translucent door.
  4735 | D:4      | Noticed Crazy Yiuf
  4741 | D:4      | Cast into level 2 of the Abyss (Crazy Yiuf)
  4815 | Abyss:2  | Noticed an ancient zyme
  4832 | Abyss:2  | Noticed a raiju
  4833 | Abyss:2  | Noticed a raiju
  4843 | Abyss:2  | Noticed a raiju
  4849 | Abyss:2  | Noticed an ancient zyme
  4859 | Abyss:2  | Killed an ancient zyme
  4875 | Abyss:2  | Noticed a sixfirhy
  4878 | Abyss:2  | HP: 3/71 [sixfirhy[a cacodemon] (12)]
  4881 | Abyss:2  | Noticed a cacodemon
  4882 | Abyss:2  | Slain by a sixfirhy

Illustrated notes

Levels and vault maps discovered:
D:1:      co_arrival_random_square_maze, layout_loops_cross
D:2:      layout_loops_ring, hellmonk_ecumenical_altar_arch_garden,
          minmay_misc_feat_iff, minmay_misc_feat_cross, minmay_strange_pillars,
          minmay_tromino_mix6
D:3:      layout_loops_cross, mainiacjoe_overflow_small_starburst,
          gup_sewer_entry_pipe, saegor_snake_ambush, uniq_jessica, uniq_pargi,
          uniq_ijyb
D:4:      layout_basic, gammafunk_temple_overflow_pools,
          uniq_crazy_yiuf_cottage, uniq_edmund, uniq_blork_the_orc, uniq_grinder
Abyss:2:  base: D:4, evilmike_abyss_exit_16

Skill      XL: |  1  2  3  4  5  6  7  8 |
---------------+-------------------------+-----
Fighting       | 4 5 6 |  6.3
Armour         | 4 5 6 7 |  7.2
Long Blades    | 3 4 5 7 |  7.9
Shields        | 4 |  4.8
Dodging        | 1 |  1.8
Evocations     | 1 |  1.3
Stealth        | |  0.7

Action                   |  1- 3 |  4- 6 |  7- 9 || total
-------------------------+-------+-------+-------++-------
Melee: Long sword        |    92 |   133 |       ||   225
       Headbutt          |    12 |    22 |    21 ||    55
       Falchion          |       |     9 |    87 ||    96
Evoke: Wand              |       |     6 |     3 ||     9
  Use: Scroll            |       |     7 |     1 ||     8
       Potion            |       |     2 |     1 ||     3
Armor: Scale mail        |    36 |       |       ||    36
       Chain mail        |    23 |    85 |    38 ||   146
Dodge: Dodged            |    32 |    50 |    35 ||   117
Block: Buckler           |    15 |    45 |    19 ||    79
